 Dungeon Crawl Stone Soup version 0.28.0-43-g3370ac3207 (webtiles) character file.

Game seed: 172533247701737204

206574 smarlow the Warrior (level 18, -13/184 HPs)
             Began as a Minotaur Fighter on Feb 28, 2022.
             Was a High Priest of Okawaru.
             Mangled by an alligator (18 damage)
             ... on level 4 of the Swamp.
             The game lasted 02:11:17 (46309 turns).

smarlow the Warrior (Minotaur Fighter)             Turns: 46309, Time: 02:11:18

Health: -13/184    AC: 16    Str: 27    XL:     18   Next: 7%
Magic:  22/24      EV: 14    Int:  7    God:    Okawaru [*****.]
Gold:   2598       SH: 20    Dex: 21    Spells: 20/24 levels left

rFire   x . .      SeeInvis +   D - +9 hand axe of Triumph {venom, rPois rF- Int+2}
rCold   . . .      Faith    .   P - +0 kite shield of Okawaru's Respect {rPois rCorr Slay+3}
rNeg    + + .      Spirit   .   C - +5 ring mail {Will+}
rPois   +          Reflect  +   (helmet restricted)
rElec   .          Harm     .   d - +2 cloak
rCorr   +          Rampage  .   A - +0 pair of gloves
Will    ++...                   (no boots)
Stlth   +.........              I - amulet of reflection
HPRegen 0.40/turn               K - ring of Ascent {Dex+7 Slay+4}
MPRegen 0.19/turn               H - ring "Ikomajue" {rN++ EV+4 SInv}

@: flying, studying Polearms
A: horns 2, retaliatory headbutt, agile 1, deformed body, robust 1, noise
suppression
}: 1/15 runes: gossamer
a: Renounce Religion, Heroism, Finesse, Duel


You were on level 4 of the Swamp.
You worshipped Okawaru.
Okawaru was extremely pleased with you.
You visited 7 branches of the dungeon, and saw 32 of its levels.
You also visited: Trove and Bailey.

You collected 3083 gold pieces.
You spent 485 gold pieces at shops.

Inventory:

Hand Weapons
 a - a +8 spectral war axe
 o - the +2 broad axe of Domination {chaos, *Rage rN+ Will+}
   (You found it on level 13 of the Dungeon)

   Each time it hits an enemy it has a different, random effect.
   rN:        It protects you from negative energy.
   *Rage:     It berserks you when you make melee attacks (+20% chance).
   Will:      It increases your willpower.
 D - the +9 hand axe of Triumph (weapon) {venom, rPois rF- Int+2}
   (You found it on level 3 of the Spider Nest)

   It poisons the flesh of those it strikes.
   Int:       It affects your intelligence (+2).
   rF:        It makes you vulnerable to fire.
   rPois:     It protects you from poison.
Missiles
 p - 4 boomerangs
 s - 10 silver javelins
 v - 3 curare-tipped darts
 F - a javelin (quivered)
 U - 11 atropa-tipped darts
 Z - 2 throwing nets
Armour
 d - a +2 cloak (worn)
 A - a +0 pair of gloves (worn)
 C - a +5 ring mail of willpower (worn)
 P - the +0 kite shield of Okawaru's Respect (worn) {rPois rCorr Slay+3}
   (Okawaru gifted it to you on level 4 of the Spider Nest)

   Slay:      It affects your accuracy & damage with ranged weapons and melee
   (+3).
   rPois:     It protects you from poison.
   rCorr:     It protects you from acid and corrosion.
Jewellery
 b - a ring of flight
 c - a ring of positive energy
 f - the ring "Voheiqam" {rN+ Will+ MP+9 Str-5 Int+8}
   (You found it on level 13 of the Dungeon)

   [ring of willpower]

   Str:       It affects your strength (-5).
   Int:       It affects your intelligence (+8).
   rN:        It protects you from negative energy.
   MP:        It affects your magic capacity (+9).
   Will:      It increases your willpower.
 u - a ring of positive energy
 H - the ring "Ikomajue" (right hand) {rN++ EV+4 SInv}
   (You found it in a treasure trove)

   [ring of evasion]

   EV:        It affects your evasion (+4).
   rN:        It greatly protects you from negative energy.
   SInv:      It lets you see invisible.
 I - an amulet of reflection (around neck)
 K - the ring of Ascent (left hand) {Dex+7 Slay+4}
   (You found it in a treasure trove)

   [ring of slaying]

   Dex:       It affects your dexterity (+7).
   Slay:      It affects your accuracy & damage with ranged weapons and melee
   (+4).
 M - the ring "Uless" {rC+ Str+8 Dex-4}
   (You found it on level 4 of the Spider Nest)

   [ring of protection from cold]

   Str:       It affects your strength (+8).
   Dex:       It affects your dexterity (-4).
   rC:        It protects you from cold.
 O - an amulet of regeneration
 Q - the ring "Baqi" {rC+ EV+4}
   (You found it in a treasure trove)

   [ring of evasion]

   EV:        It affects your evasion (+4).
   rC:        It protects you from cold.
 R - a ring of poison resistance
 S - a ring of resist corrosion
 T - a ring of protection from fire
 W - a +4 ring of protection
Wands
 w - a wand of iceblast (10)
 E - a wand of digging (17)
 L - a wand of mindburst (15)
 X - a wand of flame (54)
Scrolls
 i - 4 scrolls of identify
 m - 4 scrolls of holy word
 q - a scroll of brand weapon
 t - a scroll of enchant weapon
 y - a scroll of magic mapping
 G - 3 scrolls of fog
 J - a scroll of enchant armour
Potions
 e - a potion of berserk rage
 h - a potion of invisibility
 k - 2 potions of brilliance
 l - 2 potions of haste
 n - a potion of magic
 r - 5 potions of ambrosia
 x - 4 potions of curing
 z - 5 potions of mutation
 B - 3 potions of flight
 N - 3 potions of resistance
 Y - a potion of might


   Skills:
 + Level 16.8 Fighting
 + Level 16.7 Axes
 + Level 10.9 Throwing
 + Level 16.8 Armour
 + Level 16.8 Shields
 + Level 3.8 Spellcasting
 + Level 2.9 Translocations
 + Level 3.0 Fire Magic
 - Level 10.2 Invocations
 - Level 9.5 Evocations


You had 20 spell levels left.
You knew the following spells:

 Your Spells              Type           Power      Damage    Failure   Level
a - Blink                 Tloc           10%        N/A       28%         2
b - Scorch                Fire           10%        2d6       28%         2

Your spell library contained the following spells:

 Spells                   Type           Power      Damage    Failure   Level
 Freeze                   Ice            4%         1d3       54%         1
 Corpse Rot               Necr/Air       2%         N/A       69%         2
 Poisonous Vapours        Pois/Air       2%         N/A       69%         2
 Conjure Flame            Conj/Fire      3%         6-21      71%         3
 Ignite Poison            Fire/Tmut/Pois 2%         N/A       78%         3
 Frozen Ramparts          Ice            2%         1d2       89%         3
 Flame Wave               Conj/Fire      3%         2d4       98%         4
 Sticky Flame             Conj/Fire      3%         2d3       98%         4
 Manifold Assault         Tloc           5%         N/A       99%         5
 Hailstorm                Conj/Ice       1%         3d3       100%        4
 Leda's Liquefaction      Hex/Erth       0%         N/A       100%        4
 Petrify                  Tmut/Erth      1%         N/A       100%        4
 Alistair's Intoxication  Tmut/Pois      0%         N/A       100%        5
 Borgnjor's Vile Clutch   Necr/Erth      0%         N/A       100%        5
 Fireball                 Conj/Fire      1%         3d3       100%        5
 Lee's Rapid Deconstruct  Erth           0%         3d5*      100%        5
 Metabolic Englaciation   Hex/Ice        0%         N/A       100%        5
 Eringya's Noxious Bog    Tmut/Pois      0%         N/A       100%        6
 Starburst                Conj/Fire      1%         6d3       100%        6
 Statue Form              Tmut/Erth      0%         N/A       100%        6
 Orb of Destruction       Conj           0%         9d5       100%        7
 Storm Form               Tmut/Air       0%         N/A       100%        7
 Ignition                 Fire           2%         3d3       100%        8
 Summon Guardian Golem    Hex/Summ       Unusable   N/A       N/A         3
 Summon Cactus Giant      Summ           Unusable   N/A       N/A         6
 Malign Gateway           Summ/Tloc      Unusable   N/A       N/A         7
 Spellforged Servitor     Conj/Summ      Unusable   N/A       N/A         7
 Summon Horrible Things   Summ           Unusable   N/A       N/A         8

Dungeon Overview and Level Annotations

Branches:
Dungeon (15/15)            Temple (1/1) D:6            Lair (5/6) D:9
  Swamp (4/4) Lair:2       Spider (4/4) Lair:3        Slime (1/5) Lair:5
    Orc (2/2) D:9             Elf (0/3) Orc:2        Vaults (0/5) D:13
 Bailey (visited)
 Depths: D:15

Altars:
Cheibriados
Hepliaklqana
Kikubaaqudgha
Makhleb
Okawaru
Qazlal
Ru
Sif Muna
Trog
Vehumet
Wu Jian
Xom
Yredelemnul
Zin
The Shining One
Beogh

Shops:
D:5 =   D:9 *   D:11 ?   D:15 (   Orc:2 !:!(

Portals:
Pandemonium: Orc:2

Annotations:
Swamp:4 Lernaean hydra


Innate Abilities, Weirdness & Mutations

You have a pair of horns on your head.
You reflexively headbutt those who attack you in melee.
You are agile. (Dex +2)
Armour fits poorly on your strangely shaped body.
You are robust. (+10% HP)
You passively dampen the noise of your surroundings.


Message History

The eight-headed hydra bites you.
* * * LOW HITPOINT WARNING * * *
The eight-headed hydra bites you but does no damage. x2
The eight-headed hydra completely misses you.
The eight-headed hydra bites you but does no damage.
The five-headed hydra barely misses you.
The five-headed hydra bites you.
* * * LOW HITPOINT WARNING * * *
The five-headed hydra bites you.
* * * LOW HITPOINT WARNING * * *
You block the five-headed hydra's attack.
The five-headed hydra closely misses you.
You feel stable enough to blink again.
The swamp dragon breathes poison at you.
The blast of poison misses you. You block the swamp dragon's attack.
The swamp dragon claws you but does no damage.
You block the swamp dragon's attack.
You block the seven-headed hydra's attack.
The seven-headed hydra barely misses you.
You block the seven-headed hydra's attack.
The seven-headed hydra misses you.
The seven-headed hydra bites you but does no damage.
You block the seven-headed hydra's attack.
The seven-headed hydra misses you.
Your magical contamination has completely faded away.
The swamp dragon breathes poison at you.
The blast of poison engulfs you but does no damage.
You resist.
The alligator is engulfed in poison gas.
The alligator looks even sicker.
The alligator is engulfed in poison gas.
The alligator looks even sicker.
You block the alligator's attack. The alligator barely misses you.
The five-headed hydra bites you but does no damage.
The five-headed hydra barely misses you.
You block the five-headed hydra's attack. x2
The five-headed hydra bites you.
* * * LOW HITPOINT WARNING * * *
The alligator bites you!!
You die...

≈§≈♣♣♣.≈#
#≈≈≈.#÷≈°#≈D.≈#≈##
.≈≈.≈♣♣♣#
≈≈≈≈.#≈≈°≈.≈.≈.≈#
..♣.#≈≈♣
≈≈#≈≈.≈≈#○≈○≈.†≈##
#♣♣.≈≈≈♣
#≈≈((≈≈.≈○#(#.#.≈##
.♣≈#≈♣♣♣
i#(#≈.≈≈#≈#≈≈.≈≈≈(#
..≈≈♣♣
≈.....DD.D≈.......(≈
.≈.≈≈♣♣♣#
≈≈≈.≈≈D°#.°.#≈≈≈..≈
..≈≈≈≈≈≈♣
#≈.#≈tD≈....≈#≈≈#(≈
≈..#≈≈≈#♣
.≈#@D≈≈≈#≈.≈.≈..≈.
.≈.≈≈≈≈≈♣
#≈.#D≈≈.≈.(≈.≈...
.≈.≈≈≈≈♣♣
..≈≈≈##≈≈#....##≈##
(♣♣≈♣♣♣♣
#≈≈#######.###≈.# ♣♣
♣♣ #≈≈# ## ### ###


You could see the 27-headed Lernaean hydra, an alligator (swift, very poisoned),
2 eight-headed hydras, a seven-headed hydra, a five-headed hydra and 2 swamp
dragons.

Vanquished Creatures
  Jorgrun (Spider:2)
  3 tentacled monstrosities
  An acid blob (Slime:1)
  Frances (D:12)
  3 thorn hunters
  An azure jelly (Slime:1)
  4 emperor scorpions
  An orc warlord (Orc:1)
  The ghost of mrw3rdna the Arsonist, a journeyman OgFE of Okawaru (D:9)
  3 ghost moths (Spider:4)
  3 ghouls (Swamp:3)
  A caustic shrike skeleton (D:15)
  4 eleionomae
  3 bunyips
  3 spark wasps
  Snorg (D:10)
  Josephine (D:12)
  4 shambling mangroves (Swamp:2)
  A catoblepas (D:13)
  3 ghost crabs
  A jorogumo (Spider:2)
  Erica (Lair:1)
  27 hydras
  3 boulder beetles
  7 centaur warriors
  2 radroaches (Spider:2)
  5 alligators
  An ogre mage (Orc:1)
  11 two-headed ogres
  2 demonspawn (Orc:2)
  5 death yaks (Lair:4)
  6 orc high priests
  Nergalle (D:12)
  2 sun moths
  5 goliath frogs
  5 pharaoh ants
  6 spriggan druids
  Pikel (D:6)
  8 bog bodies
  9 orb spiders
  5 steelbarb worms
  6 swamp dragons
  8 orc knights
  A necromancer (D:13)
  3 deep elf pyromancers
  11 ugly things
  The ghost of Zeld the Thaumaturge, a novice DEFE of Vehumet (D:9)
  5 cyclopes
  3 manticores
  8 orc sorcerers
  3 oklob plants
  2 will-o-the-wisps
  16 wolf spiders
  4 moths of wrath
  A rust devil (Orc:2)
  9 elephants
  6 black mambas
  10 cane toads
  2 smoke demons (Orc:2)
  6 torpor snails
  Psyche (D:8)
  14 komodo dragons
  An unseen horror (D:11)
  A kobold demonologist (D:14)
  3 rime drakes
  8 demonic crawlers
  A freezing wraith (D:14)
  2 entropy weaver simulacra (D:14)
  A polar bear (Lair:4)
  13 meliai
  12 tarantellas
  25 hornets
  3 trolls
  4 slime creatures
  6 tyrant leeches
  5 blink frogs (Lair:2)
  15 dream sheep
  19 culicivoras
  28 jumping spiders
  3 wraiths (D:12)
  Sigmund (D:9)
  A vampire (D:10)
  18 spriggans
  A basilisk (Lair:3)
  41 yaks
  22 humans
  30 redbacks
  A neqoxec (Orc:2)
  9 vampire mosquitoes
  15 swamp worms
  5 wargs
  A harpy simulacrum (D:14)
  12 water moccasins
  5 acid dragons
  35 orc warriors
  9 swamp drakes
  4 black bears
  A hornet zombie (D:7)
  A sky beast (D:5)
  22 ogres
  23 wolves
  A phantom (D:5)
  8 centaurs
  3 kobold brigands
  A wyvern zombie (D:7)
  2 gnoll sergeants
  8 scorpions
  7 bullfrogs
  A deep troll simulacrum (D:14)
  A water moccasin skeleton (D:6)
  2 troll zombies (Swamp:1)
  3 killer bees (D:8)
  2 troll skeletons (Swamp:1)
  2 howler monkeys
  4 electric eels
  7 centaur zombies
  7 hounds
  3 centaur skeletons (D:7)
  25 orc priests
  Crazy Yiuf (D:2)
  13 jellies (Lair:5)
  A bullfrog skeleton (D:5)
  An iguana (D:6)
  Jessica (D:2)
  A scorpion zombie (D:5)
  22 orc wizards
  2 ogre zombies (Orc:1)
  A howler monkey zombie (D:9)
  Robin (D:2)
  11 gnolls
  5 adders
  4 worms
  A dart slug (D:2)
  94 orcs
  10 endoplasms
  3 giant cockroaches
  18 goblins
  8 hobgoblins
  2 jackals (D:1)
  5 quokkas
  9 ball pythons
  6 bats
  4 frilled lizards
  37 kobolds
  7 rats
  3 briar patches (Swamp:2)
1041 creatures vanquished.

Vanquished Creatures (others)
  3 bloated husks
  A swamp worm (Swamp:2)
  4 orcs (Orc:2)
  8 foxfires
  16 fungi
  22 plants
  9 withered plants (D:15)
63 creatures vanquished.

Grand Total: 1104 creatures vanquished

Notes
Turn   | Place    | Note
-------+----------+-------------------------------------------
     0 | D:1      | smarlow the Minotaur Fighter began the quest for the Orb.
     0 | D:1      | Reached XP level 1. HP: 19/19 MP: 0/0
   316 | D:1      | Reached XP level 2. HP: 20/27 MP: 1/1
   554 | D:1      | Found a faded altar of an unknown god.
   933 | D:2      | Noticed Jessica
   937 | D:2      | Killed Jessica
   938 | D:2      | Reached XP level 3. HP: 33/33 MP: 2/2
   945 | D:2      | Noticed Robin
   962 | D:2      | Killed Robin
  1050 | D:2      | Reached XP level 4. HP: 40/40 MP: 3/3
  1656 | D:2      | Found a runed translucent door.
  1657 | D:2      | Noticed Crazy Yiuf
  1693 | D:2      | Killed Crazy Yiuf
  1697 | D:2      | HP: 2/41 [poisoned by Crazy Yiuf]
  2415 | D:3      | Reached XP level 5. HP: 47/47 MP: 1/4
  3271 | D:4      | Noticed a water moccasin
  3287 | D:4      | Killed a water moccasin
  3288 | D:4      | Reached skill level 5 in Fighting
  3288 | D:4      | Reached skill level 5 in Armour
  3288 | D:4      | Reached skill level 5 in Shields
  3288 | D:4      | Reached XP level 6. HP: 21/56 MP: 1/5
  3604 | D:4      | Identified the +1 robe of Qitugell {rCorr Dex+4 SInv}
  3667 | D:4      | Found a radiant altar of Vehumet.
  4229 | D:5      | Entered Level 5 of the Dungeon
  4473 | D:5      | Noticed a water moccasin
  4477 | D:5      | Killed a water moccasin
  4478 | D:5      | Reached skill level 5 in Axes
  4478 | D:5      | Reached XP level 7. HP: 56/62 MP: 2/6
  5338 | D:5      | Found Yliyzen's Jewellery Boutique.
  6324 | D:6      | Reached XP level 8. HP: 71/71 MP: 2/7
  6554 | D:6      | Noticed Pikel
  6589 | D:6      | Killed Pikel
  6957 | D:6      | Found a staircase to the Ecumenical Temple.
  6991 | Temple   | Entered the Ecumenical Temple
  7174 | Temple   | Became a worshipper of Warmaster Okawaru
  7672 | D:7      | Reached XP level 9. HP: 81/81 MP: 2/8
  9157 | D:7      | Reached * piety under Okawaru
  9734 | D:8      | Found a flagged portal.
  9766 | Bailey   | Entered a bailey
  9894 | Bailey   | Noticed an orc knight
  9905 | Bailey   | Killed an orc knight
  9905 | Bailey   | Reached ** piety under Okawaru
  9906 | Bailey   | Reached XP level 10. HP: 86/91 MP: 9/9
  9944 | Bailey   | Noticed an orc knight
  9959 | Bailey   | Killed an orc knight
 10582 | D:8      | Noticed Psyche
 10609 | D:8      | Killed Psyche
 11085 | D:9      | Noticed a two-headed ogre
 11094 | D:9      | Killed a two-headed ogre
 11094 | D:9      | Reached *** piety under Okawaru
 11095 | D:9      | Reached skill level 10 in Fighting
 11095 | D:9      | Reached skill level 10 in Armour
 11095 | D:9      | Reached skill level 10 in Shields
 11245 | D:9      | Reached skill level 10 in Axes
 11278 | D:9      | Found a staircase to the Lair.
 11545 | D:9      | Found a runed translucent gate.
 11545 | D:9      | Found a runed translucent gate.
 11545 | D:9      | Found a runed translucent gate.
 11551 | D:9      | Found Zaty's Elemental Accessories.
 11842 | D:9      | Noticed Sigmund
 11863 | D:9      | Reached **** piety under Okawaru
 11882 | D:9      | Reached XP level 11. HP: 72/101 MP: 10/10
 11905 | D:9      | Gained mutation: You are agile. (Dex +2) [potion of
                  | mutation]
 11905 | D:9      | Gained mutation: You have hidden genetic potential. [potion
                  | of mutation]
 11905 | D:9      | Gained mutation: Armour fits poorly on your strangely
                  | shaped body. [potion of mutation]
 11925 | D:9      | Killed Sigmund
 12329 | D:9      | Found a staircase to the Orcish Mines.
 12707 | D:9      | Noticed mrw3rdna's ghost (journeyman OgFE)
 12707 | D:9      | Noticed Zeld's ghost (novice DEFE)
 12865 | D:10     | Entered Level 10 of the Dungeon
 12988 | D:10     | Received a gift from Okawaru
 13389 | D:10     | Noticed Snorg
 13404 | D:10     | Killed Snorg
 13738 | D:10     | Reached skill level 1 in Throwing
 14069 | D:10     | You are sucked into a shaft and drop 3 floors!
 14093 | D:13     | Noticed a two-headed ogre
 14101 | D:13     | Killed a two-headed ogre
 14102 | D:13     | Reached skill level 1 in Invocations
 14102 | D:13     | Reached skill level 1 in Evocations
 14331 | D:13     | Noticed a four-headed hydra
 14382 | D:13     | Found a portal to a secret trove of treasure.
 14391 | Trove    | Entered a treasure trove
 14397 | Trove    | Identified the ring "Ikomajue" {rN++ EV+4 SInv}
 14403 | Trove    | Identified the ring of Ascent {Dex+7 Slay+4}
 14410 | Trove    | Identified the amulet of Hepliaklqana's Respect {RegenMP
                  | Int+4}
 14416 | Trove    | Identified the ring "Baqi" {rC+ EV+4}
 14454 | D:13     | Noticed a centaur warrior
 14469 | D:13     | Killed a centaur warrior
 14578 | D:13     | Noticed a centaur warrior
 14578 | D:13     | Noticed a two-headed ogre
 14592 | D:13     | Killed a centaur warrior
 14599 | D:13     | Noticed an orc knight
 14612 | D:13     | Killed a two-headed ogre
 14629 | D:13     | Killed an orc knight
 14645 | D:13     | Reached XP level 12. HP: 13/112 MP: 13/13
 14816 | D:13     | Gained mutation: You are robust. (+10% HP) [hidden
                  | potential]
 15069 | D:13     | Found a gate to the Vaults.
 15241 | D:12     | Noticed a centaur warrior
 15292 | D:12     | Killed a centaur warrior
 15487 | D:11     | Noticed a four-headed hydra
 15653 | D:12     | Noticed a boulder beetle
 16092 | D:10     | Found a shimmering altar of Xom.
 16743 | D:11     | Noticed a two-headed ogre
 16748 | D:11     | Killed a two-headed ogre
 16751 | D:11     | Identified the +1 plate armour of the Morning Star
                  | {*Corrode rElec Int+7}
 16926 | D:11     | Noticed a five-headed hydra
 17056 | D:11     | Found Yceteuqi's Magic Scroll Boutique.
 17061 | D:11     | Bought a scroll of enchant armour for 135 gold pieces
 17179 | D:11     | Killed an eight-headed hydra
 17658 | D:12     | Noticed Josephine
 17665 | D:12     | Killed Josephine
 17917 | D:12     | Killed a boulder beetle
 18160 | D:12     | Noticed Frances
 18172 | D:12     | Killed Frances
 18172 | D:12     | Received a gift from Okawaru
 18536 | D:12     | Noticed Nergalle
 18542 | D:12     | Killed Nergalle
 18653 | D:13     | Killed a 12-headed hydra
 18654 | D:13     | Reached XP level 13. HP: 73/130 MP: 13/15
 18816 | D:13     | Reached skill level 5 in Throwing
 19294 | Lair:1   | Entered Level 1 of the Lair of Beasts
 19303 | Lair:1   | Gained mutation: You passively dampen the noise of your
                  | surroundings. [hidden potential]
 19303 | Lair:1   | Lost mutation: You have hidden genetic potential. [hidden
                  | potential expressed]
 19335 | Lair:1   | Reached skill level 5 in Invocations
 19335 | Lair:1   | Noticed Erica
 19343 | Lair:1   | Killed Erica
 19343 | Lair:1   | Reached ***** piety under Okawaru
 19489 | Lair:1   | Received a gift from Okawaru
 19715 | Lair:1   | Reached skill level 5 in Evocations
 20386 | Lair:1   | Received a gift from Okawaru
 21034 | Lair:2   | Found a stormy altar of Qazlal.
 21173 | Lair:2   | Received a gift from Okawaru
 21528 | Lair:2   | Found a staircase to the Swamp.
 21549 | Lair:2   | Received a gift from Okawaru
 21944 | Lair:2   | Received a gift from Okawaru
 22150 | Lair:2   | Found a hazy altar of Hepliaklqana.
 22381 | Lair:3   | Reached ****** piety under Okawaru
 22540 | Lair:3   | Found a hole to the Spider Nest.
 22552 | Lair:3   | Identified the +1 ring mail "Bustew" {Str+2} (Okawaru
                  | gifted it to you on level 3 of the Lair of Beasts)
 22552 | Lair:3   | Received a gift from Okawaru
 22569 | Lair:3   | Reached XP level 14. HP: 141/141 MP: 17/17
 24807 | Lair:5   | Found a staircase to the Slime Pits.
 25031 | Lair:5   | Received a gift from Okawaru
 25635 | Orc:1    | Entered Level 1 of the Orcish Mines
 25835 | Orc:2    | Entered Level 2 of the Orcish Mines
 25916 | Orc:2    | Found Jiokof's Distillery.
 25918 | Orc:2    | Found Raolakog's Distillery.
 26540 | Orc:1    | Noticed an orc warlord
 26553 | Orc:1    | Killed an orc warlord
 26877 | Orc:1    | You fall into a shaft and drop 1 floor!
 27560 | Orc:2    | Reached XP level 15. HP: 133/152 MP: 19/19
 27695 | Orc:2    | Bought a potion of heal wounds for 75 gold pieces
 27697 | Orc:2    | Bought a potion of curing for 51 gold pieces
 27874 | Orc:2    | Found a staircase to the Elven Halls.
 28002 | Orc:2    | Paralysed by an orc sorcerer for 6 turns
 28402 | Orc:2    | Received a gift from Okawaru
 28478 | Orc:2    | Received a gift from Okawaru
 28810 | Orc:2    | Found Kake's Book Shop.
 28810 | Orc:2    | Found Umutycet's Antique Weapon Boutique.
 28811 | Orc:2    | Found a one-way gate leading to the halls of Pandemonium.
 29464 | D:13     | Identified the +2 broad axe of Domination {chaos, *Rage rN+
                  | Will+}
 29479 | D:13     | Identified the ring "Voheiqam" {rN+ Will+ MP+9 Str-5 Int+8}
 29714 | D:14     | Found a frozen archway.
 29770 | D:15     | Entered Level 15 of the Dungeon
 30258 | D:15     | Reached skill level 15 in Fighting
 30259 | D:15     | Reached skill level 15 in Armour
 30432 | D:15     | Found a shimmering blue altar of Sif Muna.
 30451 | D:15     | Found Puxem's Antique Weapon Emporium.
 30522 | D:14     | Received a gift from Okawaru
 30523 | D:14     | Reached skill level 15 in Shields
 30738 | Swamp:1  | Entered Level 1 of the Swamp
 31346 | D:9      | Killed Zeld's ghost
 31349 | D:9      | Killed mrw3rdna's ghost
 31350 | D:9      | Reached skill level 15 in Axes
 32367 | Spider:1 | Entered Level 1 of the Spider Nest
 32559 | Spider:1 | Reached XP level 16. HP: 146/163 MP: 21/21
 33235 | Spider:1 | Identified the +2 robe of Vakhluv {rF++ Stlth+} (Okawaru
                  | gifted it to you on level 1 of the Spider Nest)
 33235 | Spider:1 | Received a gift from Okawaru
 34070 | Spider:2 | Reached skill level 1 in Spellcasting
 34318 | Spider:2 | Noticed Jorgrun
 34326 | Spider:2 | Killed Jorgrun
 35414 | Spider:3 | Identified the +9 hand axe of Triumph {venom, rPois rF-
                  | Int+2}
 35634 | Spider:4 | Entered Level 4 of the Spider Nest
 36442 | Spider:4 | Identified the ring "Uless" {rC+ Str+8 Dex-4}
 36796 | Spider:4 | Identified the +0 kite shield of Okawaru's Respect {rPois
                  | rCorr Slay+3} (Okawaru gifted it to you on level 4 of the
                  | Spider Nest)
 36796 | Spider:4 | Received a gift from Okawaru
 36841 | Spider:4 | Reached skill level 10 in Invocations
 37360 | Spider:4 | Reached skill level 10 in Throwing
 38233 | Spider:3 | Reached XP level 17. HP: 118/173 MP: 23/23
 38743 | Spider:4 | Identified the +0 pair of gloves "Afotush" {Fly rF+++ rCorr
                  | Int-3}
 38773 | Spider:4 | Got a gossamer rune of Zot
 38946 | Slime:1  | Entered Level 1 of the Pits of Slime
 38946 | Slime:1  | Noticed an acid blob
 38958 | Slime:1  | Killed an acid blob
 38970 | Slime:1  | Noticed an acid blob
 39372 | D:11     | Bought a scroll of teleportation for 54 gold pieces
 39375 | D:11     | Learned a level 2 spell: Blink
 39378 | D:11     | Learned a level 2 spell: Scorch
 39483 | Orc:2    | Bought a potion of haste for 170 gold pieces
 41282 | Swamp:2  | Reached skill level 1 in Fire Magic
 41303 | Swamp:2  | Reached skill level 1 in Translocations
 41812 | Swamp:2  | Received a gift from Okawaru
 42312 | Swamp:2  | Received a gift from Okawaru
 43433 | Swamp:3  | Received a gift from Okawaru
 44270 | Swamp:3  | Noticed a tentacled monstrosity
 44280 | Swamp:3  | Killed a tentacled monstrosity
 44881 | Swamp:4  | Entered Level 4 of the Swamp
 44908 | Swamp:4  | Noticed a tentacled monstrosity
 44916 | Swamp:4  | Killed a tentacled monstrosity
 45835 | Swamp:4  | Noticed a tentacled monstrosity
 45848 | Swamp:4  | Killed a tentacled monstrosity
 45977 | Swamp:4  | Reached XP level 18. HP: 104/184 MP: 24/24
 46010 | Swamp:4  | Received a gift from Okawaru
 46284 | Swamp:4  | Noticed the 27-headed Lernaean hydra
 46301 | Swamp:4  | HP: 4/184 [five-headed hydra (6)]
 46308 | Swamp:4  | HP: 5/184 [five-headed hydra (2)]
 46309 | Swamp:4  | Mangled by an alligator

Illustrated notes

Levels and vault maps discovered:
D:1:      saegor_arrival_simple_c, layout_loops_cross,
          shapermc_ecumenical_altar_mp_ritualfount
D:2:      layout_loops_corners, uniq_crazy_yiuf_cottage, uniq_robin,
          uniq_jessica
D:3:      layout_loops_ring, serial_glass, glass_columns_c, glass_columns_a,
          hangedman_abyss_or_decor_lesser_grid
D:4:      layout_loops_corners, nicolae_vehumet_radiance, minivault_23,
          amcnicky_mini_pool_small, hangedman_abyss_or_decor_stagger
D:5:      layout_gridville, serial_shops, nicolae_stop_n_shop_1, serial_rivers,
          chequers_serial_rivers_room_a, chequers_serial_rivers_micro_a,
          chequers_serial_rivers_small_3, chequers_serial_rivers_micro_d,
          chequers_serial_rivers_room_b, chequers_serial_rivers_micro_a
D:6:      layout_basic, minmay_temple_entry_mist, uniq_pikel
D:7:      layout_loops_ring, nicolae_benzene_ring, kennysheep_generic_room_4
D:8:      layout_loops_ring, enter_bailey_2, uniq_psyche
D:9:      erik_cavepeople, layout_irregular_city, erik_lair_island,
          gammafunk_ghost_cemetery, dk_noncrumbling_2, nicolae_elemental_shop
D:10:     layout_irregular_city, nicolae_overflow_hidden_temple,
          chequers_garden, minmay_misc_feat_doors, minmay_unpleasant_kobolds,
          uniq_snorg
D:11:     layout_cross, serial_shops, kennysheep_little_box
D:12:     layout_gridville, uniq_nergalle, uniq_josephine, uniq_frances
D:13:     layout_roguey, david_vaults_3, enter_trove_2, minmay_pinched_square
D:14:     layout_basic, portal_ice_cave_entry_ice_simulacra,
          minmay_the_grid_square_5x5_3x3_mashed
          [minmay_the_grid_square_5x5_bridge,
          minmay_the_grid_square_5x5_checkered_sparse,
          minmay_the_grid_square_5x5_n_small,
          minmay_the_grid_square_5x5_spiral_small,
          minmay_the_grid_square_5x5_megaprize_crossed,
          minmay_the_grid_square_5x5_n, minmay_the_grid_square_5x5_inner_z,
          minmay_the_grid_square_5x5_z, minmay_the_grid_square_5x5_doubleslash]
D:15:     gammafunk_depths_entry_grave, layout_irregular_city, serial_shops,
          nicolae_shop_hallway_stairs, chequers_arboretum,
          nicolae_sif_muna_condensation
Temple:   mainiacjoe_temple_cubbyholes
Lair:1:   layout_cave_pods, uniq_erica
Lair:2:   layout_small_grid, skrybe_swamp_entry_bodies, basic_altar,
          minivault_23, lemuel_oklob_altar, grunt_megastairs_1,
          serial_bayou_shore_b
Lair:3:   layout_chaotic_city, nicolae_spider_entry_non_spiders,
          small_statue_intersection, st_stairs_5, serial_bayou_pond_a,
          chequers_serial_rivers_marsh, chequers_serial_rivers_micro_d
Lair:4:   hellmonk_ruined_rings, layout_loops_ring,
          grunt_forest_stairs_clearing, grunt_megastairs_3
Lair:5:   layout_small_grid, minmay_slime_entry_jelly_boxes
Swamp:1:  layout_falls_marsh, serial_swamp_ruin, evilmike_swamp_ruin_rubble_2,
          evilmike_swamp_ruin_rubble_1, evilmike_swamp_ruin_house_6,
          swamp_pool5, cheibrodos_swamp_minitomb
Swamp:2:  nicolae_swamp_phyte_club, layout_basic_swamp,
          evilmike_swamp_ruin_house_2
Swamp:3:  layout_basic_swamp, evilmike_swamp_ruin_house_4
Swamp:4:  swamp_old_school, layout_basic_swamp, swamp_pool1
Spider:1: layout_spider_delve
Spider:2: layout_spider_delve, hangedman_spider_tarantella_strand, uniq_jorgrun
Spider:3: layout_spider_delve, nicolae_spider_webbed_stairs
Spider:4: spider_rune_water
Slime:1:  layout_caves
Orc:1:    lemuel_ogre_cave, layout_caves, basic_altar
Orc:2:    pf_orc_diabolical, layout_caves, mines1_david

Skill      XL: |  1  2  3  4  5  6  7  8  9 10 11 12 13 14 15 16 17 18 |
---------------+-------------------------------------------------------+-----
Fighting       | 4 5 6 7 9 10 11 12 13 14 15 16 | 16.8
Axes           | 3 4 5 7 9 10 11 12 13 14 15 16 | 16.7
Armour         | 4 5 6 7 9 10 11 12 13 14 15 16 | 16.8
Shields        | 4 5 6 8 9 10 11 12 13 14 15 16 | 16.8
Throwing       | 3 4 6 7 9 10 | 10.9
Invocations    | 2 4 6 7 9 10 | 10.2
Evocations     | 2 4 6 7 8 9 |  9.5
Spellcasting   | 2 3 |  3.8
Fire Magic     | 2 3 |  3.0
Translocations | 2 |  2.9

Action                   |  1- 3 |  4- 6 |  7- 9 | 10-12 | 13-15 | 16-18 || total
-------------------------+-------+-------+-------+-------+-------+-------++-------
Melee: War axe           |    57 |    41 |   120 |   545 |   732 |   234 ||  1729
       Headbutt          |    13 |    21 |    50 |   131 |   198 |   297 ||   710
       Mace              |       |    95 |   176 |       |       |       ||   271
       Hand axe          |       |       |       |       |       |   701 ||   701
Throw: Boomerang         |       |       |       |     5 |     2 |     4 ||    11
       Javelin           |       |       |       |       |    76 |    64 ||   140
       Throwing net      |       |       |       |       |     2 |       ||     2
       Dart              |       |       |       |       |     1 |     1 ||     2
 Cast: Blink             |       |       |       |       |       |     1 ||     1
Invok: Heroism           |       |       |     1 |    16 |    20 |    27 ||    64
       Finesse           |       |       |       |       |     1 |    11 ||    12
Evoke: Wand              |       |       |       |       |     6 |     1 ||     7
  Use: Scroll            |       |     4 |     1 |    16 |    23 |     5 ||    49
       Potion            |       |     5 |     3 |     9 |    10 |     6 ||    33
 Stab: Sleeping          |       |       |     1 |       |     1 |       ||     2
       Invisible         |       |       |       |     1 |       |       ||     1
       Distracted        |       |       |       |     8 |    18 |     3 ||    29
       Held in net/web   |       |       |       |       |     1 |       ||     1
Armor: Scale mail        |    27 |    58 |   174 |    17 |       |       ||   276
       Ring mail         |       |       |       |   210 |   180 |   238 ||   628
       Skin              |       |       |       |    12 |       |       ||    12
Dodge: Dodged            |    20 |    51 |   145 |   221 |   296 |   342 ||  1075
Block: Buckler           |    11 |    31 |    83 |   245 |   354 |       ||   724
       Reflection        |       |       |       |    11 |    19 |    13 ||    43
       Kite shield       |       |       |       |       |    59 |   811 ||   870
